 Dungeon Sprint DCSS version 0.26-a0-652-gafc20e3620 (webtiles) character file.

Game seed: 17223226699614958700

2669 sahdkjhfkaj the Transmogrifier (level 9, -5/75 HPs)
             Began as an Octopode Transmuter on Oct 3, 2020.
             Was an Elder of Sif Muna.
             Slain by an eight-headed hydra (13 damage)
             ... in the Dungeon (Sprint IX: "|||||||||||||||||||||||||||||").
             The game lasted 00:03:31 (938 turns).

sahdkjhfkaj the Transmogrifier (Octopode Transmuter) Turns: 938, Time: 00:03:31

Health: -5/75      AC:  7    Str: 10    XL:     9   Next: 63%
Magic:  12/18      EV: 15    Int: 20    God:    Sif Muna [****..]
Gold:   4          SH:  0    Dex: 13    Spells: 9/21 levels left

rFire    x . .     SeeInvis .     - Unarmed
rCold    + + +     Faith    .   (shield currently unavailable)
rNeg     . . .     Spirit   .   (helmet currently unavailable)
rPois    +         Reflect  .   (no amulet)
rElec    .         Harm     .   k - +3 ring of intelligence
rCorr    .         Rampage  .   l - +2 ring of evasion
MR       .....     NoTele   +   (no ring)
Stlth    +.........             (no ring)
HPRegen  0.22/turn              (no ring)
MPRegen  0.16/turn              (no ring)
                                (no ring)
                                (no ring)

@: ice-form, wereblooded
A: large, almost no armour, stealthy swim, amphibious, 8 rings, (constrict 8)
a: End Transformation, Channel Magic, Forget Spell, Divine Exegesis, Renounce
Religion


You were in the Dungeon.
You worshipped Sif Muna.
Sif Muna was greatly pleased with you.
You were a creature of crystalline ice.
You visited 1 branch You collected 4 gold pieces.

Inventory:

Jewellery
 k - a +3 ring of intelligence (left front paw)
 l - a +2 ring of evasion (right front paw)
Wands
 j - a wand of acid (7)
Scrolls
 g - 2 scrolls of blinking
 h - 3 scrolls of remove curse
 i - 2 scrolls of amnesia
 m - 5 scrolls of fear
 n - 2 scrolls of enchant weapon
 o - 2 scrolls of identify
Potions
 a - a potion of invisibility
 b - 6 potions of curing
 c - 6 potions of heal wounds
 d - a potion of haste
 e - 4 potions of magic
 f - a potion of berserk rage


   Skills:
 + Level 6.7 Fighting
 + Level 7.1 Dodging
 * Level 12.3 Unarmed Combat
 + Level 6.5 Spellcasting
 + Level 13.5 Transmutations


You had 9 spell levels left.
You knew the following spells:

 Your Spells              Type           Power        Failure   Level
a - Beastly Appendage     Tmut           ######       1%          1
A - Blade Hands           Tmut           ######....   1%          5
F - Ice Form              Ice/Tmut       ####....     6%          4
W - Wereblood             Tmut           ######..     1%          2

Your spell library contained the following spells:

 Spells                   Type           Power        Failure   Level
 Spider Form              Tmut/Pois      ####......   1%          3


Dungeon Overview and Level Annotations

Branches:
Dungeon (1/1)

Altars:
Cheibriados
Dithmenos
Elyvilon
Fedhas
Gozag
Hepliaklqana
Kikubaaqudgha
Makhleb
Nemelex Xobeh
Okawaru
Qazlal
Ru
Sif Muna
Trog
Uskayaw
Vehumet
Wu Jian
Xom
Yredelemnul
Zin
The Shining One
Beogh
Jiyva
Lugonu


Innate Abilities, Weirdness & Mutations

You cannot wear most types of armour.
You are very stealthy in the water. (Stealth+)
You are amphibious.
You can wear up to eight rings at the same time.
((You can use your tentacles to constrict eight enemies at once.))
((Your skin changes colour to match your surroundings (Stealth+).))
((Your rubbery body absorbs attacks. (AC +1, EV +1)))


Message History

The water moccasin misses you.
You pummel the water moccasin!!
The water moccasin seems to slow down.
You freeze the water moccasin!
You kill the water moccasin!
Sif Muna accepts your kill.
Your Dodging skill increases to level 7!
You hit the eight-headed hydra. You freeze the eight-headed hydra.
The eight-headed hydra is lightly wounded.
Unknown command.
You pummel the eight-headed hydra!!
The eight-headed hydra seems to slow down.
You freeze the eight-headed hydra.
The eight-headed hydra is moderately wounded.
The eight-headed hydra bites you!
* * * LOW HITPOINT WARNING * * *
The eight-headed hydra barely misses you.
The eight-headed hydra closely misses you.
The eight-headed hydra bites you but does no damage.
The eight-headed hydra bites you!
You die...

▓_▓.▓
▓_▓.▓.▓
▓_▓.▓.▓
▓_▓.▓.▓
▓_▓.▓S▓
▓_▓.▓S▓
▓_▓.▓r▓
▓_▓.▓D▓
▓_▓.▓Y▓
▓_▓.▓.▓
▓_▓.▓.▓
▓_▓.▓.▓
▓'▓.▓.▓
▓.▓.▓(▓
▓.▓.▓(▓
▓.▓.▓.▓
▓.▓.▓.▓


You could see an eight-headed hydra (slow), 2 black mambas and a porcupine.

Vanquished Creatures
  A hydra (D)
  An unseen horror (D)
  An ugly thing (D)
  A gargoyle (D)
  A troll (D)
  A wraith (D)
  A yak (D)
  A water moccasin (D)
  A crocodile (D)
  A hound (D)
  An orc wizard (D)
  An iguana (D)
  2 worker ants (D)
  An adder (D)
  A shadow imp (D)
  An orc (D)
  A bat skeleton (D)
  A bat zombie (D)
  A giant cockroach (D)
  A goblin (D)
  2 hobgoblins (D)
  A bat (D)
  A rat (D)
25 creatures vanquished.

Notes
Turn   | Place    | Note
-------+----------+-------------------------------------------
     0 | D        | sahdkjhfkaj the Octopode Transmuter began the quest for the
                  | Orb.
     0 | D        | Reached XP level 1. HP: 13/13 MP: 3/3
    31 | D        | Noticed a hound
    36 | D        | Reached skill level 5 in Unarmed Combat
    36 | D        | Reached XP level 2. HP: 14/18 MP: 3/5
    44 | D        | Reached XP level 3. HP: 13/23 MP: 3/6
   180 | D        | Learned a level 2 spell: Wereblood
   183 | D        | Found a roughly hewn altar of Beogh.
   183 | D        | Found a snail-covered altar of Cheibriados.
   183 | D        | Found a shadowy altar of Dithmenos.
   183 | D        | Found a white marble altar of Elyvilon.
   183 | D        | Found a blossoming altar of Fedhas.
   183 | D        | Found an opulent altar of Gozag.
   184 | D        | Found a hazy altar of Hepliaklqana.
   185 | D        | Found a viscous altar of Jiyva.
   186 | D        | Found an ancient bone altar of Kikubaaqudgha.
   187 | D        | Found a corrupted altar of Lugonu.
   188 | D        | Found a burning altar of Makhleb.
   189 | D        | Found a sparkling altar of Nemelex Xobeh.
   190 | D        | Found an iron altar of Okawaru.
   191 | D        | Found a stormy altar of Qazlal.
   192 | D        | Found a sacrificial altar of Ru.
   193 | D        | Found a shimmering blue altar of Sif Muna.
   194 | D        | Found a bloodstained altar of Trog.
   195 | D        | Found a hide-covered altar of Uskayaw.
   196 | D        | Found a radiant altar of Vehumet.
   197 | D        | Found an ornate altar of the Wu Jian Council.
   198 | D        | Found a shimmering altar of Xom.
   199 | D        | Found a basalt altar of Yredelemnul.
   200 | D        | Found a glowing silver altar of Zin.
   201 | D        | Became a worshipper of Sif Muna the Loreminder
   202 | D        | Found a glowing golden altar of the Shining One.
   231 | D        | Reached skill level 3 in Transmutations
   231 | D        | Reached XP level 4. HP: 15/28 MP: 3/7
   232 | D        | Reached * piety under Sif Muna
   232 | D        | Reached skill level 5 in Transmutations
   232 | D        | Reached skill level 6 in Transmutations
   232 | D        | Reached XP level 5. HP: 17/33 MP: 3/8
   233 | D        | Killed an unseen horror
   233 | D        | Reached skill level 12 in Transmutations
   233 | D        | Reached XP level 6. HP: 20/41 MP: 3/10
   233 | D        | Reached XP level 7. HP: 22/45 MP: 3/11
   233 | D        | Reached ** piety under Sif Muna
   497 | D        | Learned a level 5 spell: Blade Hands
   499 | D        | Noticed a wraith
   499 | D        | Noticed a troll
   499 | D        | Noticed a green ugly thing
   499 | D        | Noticed a gargoyle
   515 | D        | Killed a green ugly thing
   515 | D        | Reached skill level 10 in Unarmed Combat
   515 | D        | Reached XP level 8. HP: 20/54 MP: 5/14
   520 | D        | Killed a gargoyle
   520 | D        | Reached skill level 5 in Dodging
   520 | D        | Reached skill level 5 in Spellcasting
   520 | D        | Reached *** piety under Sif Muna
   520 | D        | Reached skill level 5 in Fighting
   524 | D        | Killed a troll
   524 | D        | Reached skill level 13 in Transmutations
   528 | D        | Killed a wraith
   528 | D        | Reached XP level 9. HP: 7/61 MP: 7/17
   805 | D        | Learned a level 4 spell: Ice Form
   927 | D        | Noticed a black mamba
   927 | D        | Noticed an eight-headed hydra
   927 | D        | Noticed a seven-headed hydra
   929 | D        | Noticed a black mamba
   932 | D        | Killed a seven-headed hydra
   934 | D        | Reached **** piety under Sif Muna
   938 | D        | Slain by an eight-headed hydra

Illustrated notes

Levels and vault maps discovered:
D:        linesprint [early_d, line_temple, items_1, d_10, items_2, lair_1,
          lair_end, items_3, orc_1, orc_end, items_4, d_15, swamp_1, shoals_1,
          snake_1, spider_1, d_20, vaults_1, items_5, swamp_end, shoals_end,
          snake_end, spider_end, vaults_end, d_27, items_6, zot_1, zot_end,
          crypt_end, forest_end, elf_end, slime_end, tomb_end, abyss_end,
          pan_hell_end]

Skill      XL: |  1  2  3  4  5  6  7  8  9 |
---------------+----------------------------+-----
Unarmed Combat | 5 7 8 9 10 11 12 | 12.3
Transmutations | 3 6 12 13 | 13.5
Fighting       | 2 4 5 6 |  6.7
Dodging        | 3 4 5 7 |  7.1
Spellcasting   | 3 4 5 6 |  6.5

Action                   |  1- 3 |  4- 6 |  7- 9 || total
-------------------------+-------+-------+-------++-------
Melee: Unarmed           |    17 |       |    35 ||    52
       Constrict         |     6 |       |     3 ||     9
       Kick              |     5 |       |       ||     5
       Tentacles         |     3 |       |     3 ||     6
       Punch             |     1 |       |     1 ||     2
 Cast: Beastly Appendage |     4 |       |       ||     4
       Wereblood         |     2 |       |     2 ||     4
       Blade Hands       |       |       |     1 ||     1
       Ice Form          |       |       |     1 ||     1
Evoke: Wand              |       |     2 |     1 ||     3
  Use: Potion            |     1 |       |     3 ||     4
Armor: Skin              |       |       |     3 ||     3
Dodge: Dodged            |    12 |     1 |    29 ||    42

Table legend: (Time is in decaauts)
 A = Elapsed time spent in this place.
 B = Non-inter-level travel time spent in this place.
 C = Inter-level travel time spent in this place.
 D = Time resting spent in this place.
 E = Time spent auto-exploring this place.
 F = Levels seen in this place.
 G = Mean time per level.
                   A        B        C        D        E       F      G
               +--------+--------+--------+--------+--------+-----+--------+
         Total |    928 |    928 |      0 |    641 |    126 |   1 |  928.0 |
       Dungeon |    928 |    928 |      0 |    641 |    126 |   1 |  928.0 |
               +--------+--------+--------+--------+--------+-----+--------+

Top non-repeatable levels by time:
       D: 928 daAuts
